 Dungeon Crawl Stone Soup version 0.19.1-1-g22dce08 (webtiles) character file.

2795 galech the Protected (level 9, -8/86 HPs)
             Began as a Deep Dwarf Fighter on Jan 1, 2017.
             Was a Follower of Makhleb.
             Mangled by a sixfirhy (9 damage)
             ... on level 7 of the Dungeon on Jan 2, 2017.
             The game lasted 00:16:38 (5303 turns).

galech the Protected (Deep Dwarf Fighter)           Turns: 5303, Time: 00:16:39

Health: -8/86      AC: 14    Str: 22    XL:     9   Next: 43%
Magic:  0/0        EV:  8    Int: 10    God:    Makhleb [*.....]
Gold:   532        SH: 10    Dex: 12    Spells: 0 memorised, 8 levels left

rFire  . . .     SeeInvis +     R - +0 broad axe (elec)
rCold  + . .     Gourm    .     b - +0 scale mail
rNeg   . . .     Faith    .     c - +0 shield
rPois  .         Spirit   .     r - +0 helmet
rElec  .         Reflect  .     K - +0 cloak
rCorr  .         Harm     .     j - +0 pair of gloves
MR     +....                    z - +1 pair of boots
Stlth  ..........               (no amulet)
                                E - ring of protection from cold
                                x - ring of see invisible

@: very slightly contaminated, non-regenerating
A: damage resistance, recharge devices, sense surroundings 2, slow regeneration
3
a: Device Recharging, Renounce Religion


You were on level 7 of the Dungeon.
You worshipped Makhleb.
Makhleb was aware of your devotion.
You were hungry.

You visited 2 branches of the dungeon, and saw 9 of its levels.

You collected 532 gold pieces.

Inventory:

Hand Weapons
 a - a +0 war axe
 R - a +0 broad axe of electrocution (weapon)
Armour
 b - a +0 scale mail (worn)
 c - a +0 shield (worn)
 j - a +0 pair of gloves (worn)
 r - a +0 helmet (worn)
 z - a +1 pair of boots (worn)
 K - a +0 cloak (worn)
Jewellery
 h - an uncursed ring of positive energy
 w - an uncursed ring of ice
 x - a ring of see invisible (left hand)
 E - a ring of protection from cold (right hand)
Wands
 e - a wand of heal wounds (0/9)
 I - a wand of iceblast (10/15)
 J - a wand of enslavement (17/24)
 M - a wand of iceblast (5/15)
 S - a wand of slowing (40/48)
Scrolls
 i - 2 scrolls of enchant armour
 m - 2 scrolls of magic mapping
 q - 6 scrolls of remove curse
 s - a scroll of random uselessness
 y - 2 scrolls of fear
 F - a scroll of enchant weapon {unknown}
 G - 2 scrolls of noise
 H - a scroll of identify
 O - a scroll of recharging {unknown}
 Q - a scroll of teleportation {unknown}
 U - a scroll of fog {unknown}
Potions
 d - 2 potions of might
 l - 4 potions of ambrosia {unknown}
 n - 2 potions of lignification {unknown}
 o - a potion of haste {unknown}
 p - a potion of brilliance {unknown}
 B - 5 potions of degeneration {unknown}
 C - a potion of curing {unknown}
 D - 2 potions of heal wounds {unknown}
 L - 2 potions of invisibility {unknown}
 P - 2 potions of flight {unknown}
Comestibles
 f - 10 bread rations
 g - 4 fruits
 k - 7 meat rations
 t - 2 beef jerkies
 u - a slice of pizza
 T - 5 chunks of flesh


   Skills:
 + Level 7.0 Fighting
 + Level 8.4 Axes
 + Level 8.7 Armour
 - Level 0.7 Dodging
 - Level 0.3 Stealth
 - Level 4.7 Shields


You had 8 spell levels left.
You didn't know any spells.

Dungeon Overview and Level Annotations

Branches:
Dungeon (8/15)             Temple (1/1) D:7
   Lair: D:8-11

Altars:
Ashenzari
Cheibriados
Dithmenos
Fedhas
Hepliaklqana
Kikubaaqudgha
Makhleb
Nemelex Xobeh
Okawaru
Qazlal
Ru
Sif Muna
Vehumet
Xom
Yredelemnul
The Shining One


Innate Abilities, Weirdness & Mutations

You are resistant to damage.
You can recharge devices by infusing magical energy.
You passively map the area around you.
You do not regenerate.


Message History

R - a broad axe of electrocution You hear the crackle of electricity.
R - a +0 broad axe of electrocution (weapon)
The sixfirhy completely misses you. You block the sixfirhy's attack.
You closely miss the sixfirhy. The sixfirhy completely misses you.
The sixfirhy hits you! The sixfirhy shocks you!
* * * LOW HITPOINT WARNING * * *
You block the sixfirhy's attack. x2; The sixfirhy hits you!
* * * LOW HITPOINT WARNING * * *
The sixfirhy shocks you!
* * * LOW HITPOINT WARNING * * *
You closely miss the sixfirhy. The sixfirhy hits you.
* * * LOW HITPOINT WARNING * * *
The sixfirhy shocks you!
* * * LOW HITPOINT WARNING * * *
You hit the sixfirhy but do no damage. You miss the sixfirhy.
The sixfirhy hits you but does no damage. x2
The sixfirhy hits you. The sixfirhy shocks you!
You die...

#.)....# #.#..#
#...# ##.....
.###...# #.#.##
#...# ##.###
.###...# #.#.)#
####...# #.#
.......#
#.#'####......#
#.# .###..##
#......####..>###
#.# ......#
###.............#
#.### ####..#
###..####...#ยง#
#...> .###.##
#..########.#
####. .##...##
##@3........# ###.
##.....##
#.########## #...
#.......# #.#
###... #..._...#
#.###########.....
#.......#
#.#...............
##.....##
#.#.#####.....#.#.
###...##
#....####.#####)#.
# #####
#.................
#....####..####..#


You could see a sixfirhy.

Vanquished Creatures
  Sigmund (D:6)
  A spriggan (D:7)
  The ghost of galech the Shield-Bearer, an amateur DDFi (D:3)
  Duvessa (D:6)
  An orc warrior (D:7)
  A phantom (D:7)
  A necrophage (D:6)
  A sky beast (D:5)
  5 ogres
  2 centaurs (D:5)
  A bullfrog (D:7)
  Dowan (D:6)
  A scorpion (D:5)
  6 killer bees
  4 howler monkeys (D:7)
  3 crimson imps
  An orc priest (D:7)
  Crazy Yiuf (D:6)
  3 hounds
  2 iguanas
  2 jellies (D:5)
  A bullfrog skeleton (D:7)
  2 worker ants
  7 adders
  4 gnolls (D:2)
  3 oozes
  2 adder skeletons
  6 worms
  2 dart slugs
  10 leopard geckos
  8 orcs
  12 giant cockroaches
  11 hobgoblins
  5 jackals
  5 quokkas
  A ball python (D:3)
  8 bats
  9 frilled lizards
  14 goblins
  4 kobolds
  5 rats
159 creatures vanquished.

Notes
Turn   | Place    | Note
-------+----------+-------------------------------------------
     0 | D:1      | galech the Deep Dwarf Fighter began the quest for the Orb.
     0 | D:1      | Reached XP level 1. HP: 20/20 MP: 1/1
   149 | D:1      | Reached XP level 2. HP: 25/27 MP: 2/2
   946 | D:2      | Reached XP level 3. HP: 32/34 MP: 3/3
  1082 | D:2      | Reached XP level 4. HP: 34/42 MP: 4/4
  1643 | D:3      | Noticed galech's ghost (amateur DDFi)
  1687 | D:3      | Killed galech's ghost
  1687 | D:3      | Reached XP level 5. HP: 25/49 MP: 5/5
  1687 | D:3      | Reached XP level 6. HP: 29/56 MP: 6/6
  2469 | D:4      | Reached skill level 5 in Armour
  2490 | D:4      | Reached skill level 5 in Axes
  2490 | D:4      | Reached XP level 7. HP: 43/64 MP: 5/5
  2638 | D:4      | Found an ancient bone altar of Kikubaaqudgha.
  2638 | D:4      | Found a snail-covered altar of Cheibriados.
  2803 | D:4      | Found a shimmering altar of Xom.
  2804 | D:4      | Found a hazy altar of Hepliaklqana.
  2805 | D:4      | Noticed a spectral ugly thing
  2956 | D:5      | Entered Level 5 of the Dungeon
  3360 | D:5      | Reached skill level 5 in Fighting
  3370 | D:5      | Reached XP level 8. HP: 51/74 MP: 5/5
  3781 | D:6      | Found a runed door.
  3789 | D:6      | Noticed Crazy Yiuf
  3795 | D:6      | Killed Crazy Yiuf
  3813 | D:6      | Got a twisted mace
  3814 | D:6      | Identified the +3 mace of Ascent {freeze, rC+ MR+ Int+4} (You found it on level 6 of the Dungeon)
  3911 | D:6      | Noticed Sigmund
  3926 | D:6      | Killed Sigmund
  4069 | D:6      | Noticed Dowan
  4072 | D:6      | Noticed Duvessa
  4093 | D:6      | Killed Dowan
  4104 | D:6      | Killed Duvessa
  4111 | D:6      | Found a sacrificial altar of Ru.
  4423 | D:7      | Found a staircase to the Ecumenical Temple.
  4430 | Temple   | Entered the Ecumenical Temple
  4470 | Temple   | Became a worshipper of Makhleb the Destroyer
  4494 | D:7      | Gained mutation: You passively map the area around you. [Deep Dwarf growth]
  4494 | D:7      | Reached XP level 9. HP: 84/84 MP: 5/5
  4951 | D:7      | Found a stormy altar of Qazlal.
  5156 | D:8      | Noticed a sixfirhy
  5158 | D:8      | Found a runed door.
  5175 | D:8      | Reached * piety under Makhleb
  5192 | D:8      | HP: 3/86 [sixfirhy (9)]
  5233 | D:8      | HP: 3/86 [sixfirhy (8)]
  5270 | D:7      | HP: 4/86 [sixfirhy (11)]
  5301 | D:7      | HP: 1/86 [sixfirhy (7)]
  5303 | D:7      | Mangled by a sixfirhy

Skill      XL: |  1  2  3  4  5  6  7  8  9 |
---------------+----------------------------+-----
Fighting       | 3 4 5 6 7 |  7.0
Axes           | 3 4 5 6 7 8 |  8.4
Armour         | 4 5 6 7 8 |  8.7
Shields        | 4 |  4.7
Dodging        | |  0.7
Stealth        | |  0.3

Action                   |  1- 3 |  4- 6 |  7- 9 || total
-------------------------+-------+-------+-------++-------
Melee: War axe           |    84 |   226 |   361 ||   671
       Broad axe         |       |       |     4 ||     4
 Abil: Device Recharging |       |     2 |     7 ||     9
Evoke: Wand              |       |     8 |    32 ||    40
  Use: Scroll            |       |       |     9 ||     9
  Eat: Chunk             |     1 |     5 |     9 ||    15
Armor: Scale mail        |    50 |   102 |   185 ||   337
Dodge: Dodged            |    30 |    70 |   157 ||   257
Block: Shield            |    57 |   132 |   208 ||   397
